 Dungeon Crawl Stone Soup version 0.25-a0-869-g05d4e06a41 (webtiles) character file.

Game seed: 8299972224685093960, levelgen mode: deterministic

58 Maedhros the Poker (level 4, -2/31 HPs)
             Began as an Octopode Chaos Knight on May 1, 2020.
             Was a Plaything of Xom.
             Splashed by a jelly's acid (9 damage)
             ... on level 4 of the Dungeon.
             The game lasted 00:01:29 (711 turns).

Maedhros the Poker (Octopode Chaos Knight)           Turns: 711, Time: 00:01:30

Health: -2/31      AC:  1    Str: 11      XL:     4   Next: 2%
Magic:  4/4        EV: 13    Int: 11 (12) God:    Xom [....*.]
Gold:   27         SH:  0    Dex: 12      Spells: 3/3 levels left

rFire    . . .     SeeInvis .   a - +0 spear (chaos)
rCold    . . .     Gourm    .   (no shield)
rNeg     . . .     Faith    .   (helmet restricted)
rPois    .         Spirit   .   (no amulet)
rElec    .         Reflect  .   (no ring)
rCorr    .         Harm     .   (no ring)
MR       .....                  (no ring)
Stlth    ++........             (no ring)
HPRegen  0.10/turn              (no ring)
MPRegen  0.09/turn              (no ring)
                                (no ring)
                                (no ring)

@: no status effects
A: almost no armour, stealthy swim, amphibious, 8 rings, constrict 8, camouflage
1, dopey 1, gelatinous body 1
a: Renounce Religion


You were on level 4 of the Dungeon.
You worshipped Xom.
You were a beloved toy of Xom.
You were not hungry.

You visited 1 branch of the dungeon, and saw 3 of its levels.

You collected 27 gold pieces.

Inventory:

Hand Weapons
 a - a +0 spear of chaos (weapon)
Scrolls
 c - 2 scrolls of teleportation {unknown}
 d - a scroll of amnesia {unknown}
Comestibles
 b - 4 rations


   Skills:
 - Level 3.0 Fighting
 + Level 4.8 Polearms
 - Level 2.3 Dodging


You had 3 spell levels left.
You didn't know any spells.
Your spell library was empty.

Dungeon Overview and Level Annotations

Branches:
Dungeon (2/15)

Altars:
Fedhas
Gozag
Qazlal


Innate Abilities, Weirdness & Mutations

You cannot wear most types of armour.
You are very stealthy in the water. (Stealth+)
You are amphibious.
You can wear up to eight rings at the same time.
You can use your tentacles to constrict eight enemies at once.
Your skin changes colour to match your surroundings (Stealth+).
Your rubbery body absorbs attacks. (AC +1, EV +1)
You are dopey. (Int -2)


Message History

The orc hits you with a +0 trident.
You puncture the orc!
The orc suddenly seems more agile.
Your grab misses the orc. You squeeze the orc.
You kill the orc!
You have reached level 4!
Xom gives a demonstration of destructive might.
The adder skeleton is outlined in light.
The giant cockroach is outlined in light.
The jelly is outlined in light.
You hit the giant cockroach.
Space bends around the giant cockroach.
You kill the giant cockroach!
Unknown command.
Found 21 stones.
Items here: ( ) †† a +0 trident; 2 boomerangs; a giant cockroach corpse; an orc corpse The jelly stops glowing.
The jelly hits you.
* * * LOW HITPOINT WARNING * * *
You are splashed with acid!
You die...
Xom giggles madly!

.........#...#
...ggg........##
####.....####..#+#+##
#
#.....#####......##.#
#................(..
#.#########a.....##.#
#$.g..gg†g)Z.........
############J.#####.
##@# #.......#
##......# ......#
......# #.....#
+###.# .#


You could see a jelly, a worker ant and an adder skeleton.

Vanquished Creatures
  3 adders (D:2)
  A dart slug (D:2)
  2 leopard geckos
  An orc (D:4)
  2 giant cockroaches
  2 goblins (D:2)
  5 hobgoblins
  3 kobolds
  A quokka (D:2)
  2 bats
  2 rats (D:2)
24 creatures vanquished.

Notes
Turn   | Place    | Note
-------+----------+-------------------------------------------
     0 | D:1      | Maedhros the Octopode Chaos Knight began the quest for the
                  | Orb.
     0 | D:1      | Reached XP level 1. HP: 16/16 MP: 1/1
    13 | D:1      | XOM: silly message
    29 | D:1      | You fall into a shaft and drop 1 floor!
    36 | D:2      | Found a blossoming altar of Fedhas.
    38 | D:2      | Found a stormy altar of Qazlal.
    41 | D:2      | Found an opulent altar of Gozag.
    67 | D:2      | Reached XP level 2. HP: 14/21 MP: 2/2
    81 | D:2      | XOM: silly message
   118 | D:2      | Reached skill level 4 in Polearms
   118 | D:2      | Reached XP level 3. HP: 16/26 MP: 3/3
   124 | D:2      | XOM: 8-stop teleportation journey
   225 | D:2      | HP: 1/26 [poisoned by an adder]
   417 | D:2      | XOM: stat loss: -1 Int (13/14)
   665 | D:2      | XOM: give mutation
   665 | D:2      | Gained mutation: You are dopey. (Int -2) [Xom's mischief]
   689 | D:2      | You fall into a shaft and drop 2 floors!
   705 | D:4      | Reached XP level 4. HP: 9/31 MP: 4/4
   705 | D:4      | XOM: fake destruction
   711 | D:4      | Splashed by a jelly's acid

Levels and vault maps discovered:
D:1:      wander_arrival_abandoned_jail, layout_loops_ring, roderic_lattice_a,
          chequers_serial_rivers_small_b, minmay_split_cup_large
D:2:      layout_loops_ring, grunt_temple_overflow_forces_of_nature,
          first_ration, columned_hall_lemuel, grunt_gozag_statues, uniq_robin,
          uniq_crazy_yiuf_cottage, uniq_jessica
D:4:      layout_basic, minitemple, kennysheep_generic_room_14

Skill      XL: |  1  2 |
---------------+-------+-----
Polearms       | 4 |  4.8
Fighting       | |  3.0
Dodging        | |  2.3

Action                   |  1- 3 |  4- 6 || total
-------------------------+-------+-------++-------
Melee: Spear             |    64 |     1 ||    65
       Constrict         |    12 |       ||    12
       Tentacles         |    10 |       ||    10
 Stab: Sleeping          |     2 |       ||     2
       Paralysed         |     1 |       ||     1
Armor: Skin              |     2 |       ||     2
Dodge: Dodged            |    26 |       ||    26

Table legend:
 A = Non-vault XP
 B = Vault XP
 C = Vault XP percentage of total XP
 D = Non-vault monster count
 E = Vault monster count
 F = Vault count percentage of total count
                 A         B        C        D         E       F
            +---------+---------+-------+---------+---------+-------
      Total |      84 |       0 |   0.0 |      24 |       0 |   0.0
            +---------+---------+-------+---------+---------+-------
        D:1 |       5 |       0 |   0.0 |       3 |       0 |   0.0
        D:2 |      71 |       0 |   0.0 |      18 |       0 |   0.0
        D:4 |       8 |       0 |   0.0 |       3 |       0 |   0.0
            +---------+---------+-------+---------+---------+-------
